 Dungeon Crawl Stone Soup version 0.30-a0-55-g90e3122c3a (webtiles) character file.

Game seed: 17684648857700879028

289 ytrimaz the Trooper (level 6, 0/76 HPs)
             Began as a Demonspawn Berserker on Sept 9, 2022.
             Was a Follower of Trog.
             Succumbed to an adder's poison
             ... on level 4 of the Dungeon.
             The game lasted 00:04:56 (5033 turns).

ytrimaz the Trooper (Demonspawn Berserker)          Turns: 5033, Time: 00:04:56

Health: 0/76       AC:  5    Str: 17    XL:     6   Next: 9%
Magic:  6/6        EV: 12    Int:  9    God:    Trog [*.....]
Gold:   189        SH:  0    Dex: 14    Spells: 5/5 levels left

rFire   . . .      SeeInvis .    a - +0 short sword
rCold   . . .      Faith    .    (no shield)
rNeg    . . .      Spirit   .    b - +0 animal skin
rPois   .          Reflect  .    h - +0 helmet
rElec   .          Harm     .    (no cloak)
rCorr   .          Rampage  .    f - +1 pair of gloves
Will    .....                    (no boots)
Stlth   ..........               (no amulet)
HPRegen 0.22/turn                (no ring)
MPRegen 0.20/turn                (no ring)

@: berserking (expiring), lethally poisoned (0 -> -2), attractive, very quick
A: magic regeneration, weakness stinger 1
a: Renounce Religion, Berserk


You were on level 4 of the Dungeon.
You worshipped Trog.
Trog was aware of your devotion.
You visited 1 branch of the dungeon, and saw 4 of its levels.
You also visited: Sewer.

You collected 189 gold pieces.


Innate Abilities, Weirdness & Mutations

You regenerate magic rapidly.
You have a small tail.


   Skills:
 - Level 5.1 Fighting
 + Level 4.8 Short Blades
 - Level 1.7 Armour
 + Level 2.0 Dodging


You had 5 spell levels left.
You didn't know any spells.
Your spell library was empty.

Inventory:

Hand Weapons
 a - a +0 short sword (weapon)
 c - a +0 dagger
   (You took it off a goblin on level 1 of the Dungeon)
Armour
 b - a +0 animal skin (worn)
 f - a +1 pair of gloves (worn)
   (You found it on level 1 of the Dungeon)
 h - a +0 helmet (worn)
   (You found it on level 1 of the Dungeon)
Scrolls
 j - 2 scrolls of enchant weapon
Potions
 e - 3 potions of curing
 i - 4 potions of lignification
 k - a potion of degeneration
 l - 3 potions of flight

Dungeon Overview and Level Annotations

Branches:
Dungeon (4/15) Zot: 19298   Sewer (visited)
 Temple: D:4-7

Altars:

...>.#.###########
....#.# ...#.#
####### #'##.#
#...... #.##.#
#...... #....#
.......##.#####.
........B........
#......@.........
#......co........
#................
#................
#................
..:..............
##.####.........
#. ......?..


You could see a centaur, an orc and a giant cockroach.


Message History

The giant cockroach misses you. The centaur is attracted toward you.
The orc is attracted toward you. 😨 HP[-4]
You now have 66 max hp (+22).
Unknown command.
You barely miss the iguana.
You feel sick.
The centaur unwields a +0 shortbow.
The centaur closely misses you.
The centaur kicks you but does no damage.
The adder closely misses you. 😨 HP[-1]
You take 1 damage, and now have 21/66 hp.
Unknown command.
You hit the centaur.
You feel sick. The iguana bites you.
* * * LOW HITPOINT WARNING * * *
The giant cockroach barely misses you. 😨 HP[-4]
You take 4 damage, and now have 17/66 hp.
You closely miss the centaur. The centaur hits you.
* * * LOW HITPOINT WARNING * * *
The centaur misses you. The adder barely misses you. The iguana bites you.
* * * LOW HITPOINT WARNING * * *
The orc hits you with a +0 dagger.
* * * LOW HITPOINT WARNING * * *
The giant cockroach barely misses you. 😱 HP[-4]
You take 4 damage, and now have 13/66 hp.
Unknown command.
You hit the iguana.
Your tail-slap misses the iguana.
You feel sick. The centaur misses you. The centaur kicks you.
* * * LOW HITPOINT WARNING * * *
The adder bites you but does no damage. 😱 HP[-4]
You take 4 damage, and now have 9/66 hp.
Unknown command.
You hit the iguana. The giant cockroach barely misses you.
The centaur completely misses you. The centaur barely misses you.
The iguana bites you but does no damage.
The orc barely misses you. The adder bites you but does no damage.
Unknown command.
You hit the iguana.
You feel sick.
You are no longer poisoned.
The centaur hits you.
* * * LOW HITPOINT WARNING * * *
The centaur misses you.
The giant cockroach misses you. 😱 HP[-3]
You take 3 damage, and now have 6/66 hp.
Unknown command.
You barely miss the iguana. The adder bites you.
* * * LOW HITPOINT WARNING * * *
You are lethally poisoned!
The adder poisons you! The orc hits you but does no damage.
The iguana closely misses you. The centaur barely misses you.
The centaur closely misses you.
The giant cockroach barely misses you. 😱 HP[-1]
You take 1 damage, and now have 5/66 hp.
You puncture the iguana!
* * * LOW HITPOINT WARNING * * *
You feel sick. The adder closely misses you. The centaur misses you.
The centaur barely misses you. The iguana completely misses you.
The orc hits you but does no damage. 😱 HP[-2]
You take 2 damage, and now have 3/66 hp.
Unknown command.
You hit the iguana.
You kill the iguana!
Trog accepts your kill. The giant cockroach barely misses you.
The centaur closely misses you. x2
The adder bites you but does no damage.
Your Dodging skill increases to level 2!
You have reached level 6! 😱 MP[+1]
You now have 76 max hp (+10).
Your mp is fully restored (6).
You miss the adder.
* * * LOW HITPOINT WARNING * * *
You feel sick. The giant cockroach barely misses you.
The orc hits you but does no damage. The centaur barely misses you.
The centaur kicks you.
* * * LOW HITPOINT WARNING * * *
😱 HP[-1]
You take 1 damage, and now have 2/76 hp.
Unknown command.
You hit the adder.
Your tail-slap misses the adder.
The adder closely misses you.
The giant cockroach bites you but does no damage.
Unknown command.
You closely miss the adder. You tail-slap the adder.
You kill the adder!
Trog accepts your kill.
* * * LOW HITPOINT WARNING * * *
You feel sick. The centaur barely misses you. The centaur closely misses you.
The orc hits you but does no damage. 😱 HP[-1]
You take 1 damage, and now have 1/76 hp.
Unknown command.
You puncture the centaur!
Your tail-slap misses the centaur.
The centaur misses you. The centaur closely misses you.
The giant cockroach bites you but does no damage.
Unknown command.
You puncture the centaur!
You die...

Skill      XL: |  1  2  3  4  5 |
---------------+----------------+-----
Short Blades   | 3 4 |  4.8
Fighting       | 4 5 |  5.1
Dodging        | 2 |  2.0
Armour         | |  1.7

Action                   |  1- 3 |  4- 6 || total
-------------------------+-------+-------++-------
Melee: Short sword       |   210 |   151 ||   361
       Punch             |     2 |     2 ||     4
       Tailslap          |       |    17 ||    17
Invok: Berserk           |     2 |     5 ||     7
       Trog's Hand       |       |     3 ||     3
  Use: Scroll            |     5 |     4 ||     9
       Potion            |     2 |     2 ||     4
 Stab: Sleeping          |     1 |       ||     1
Armor: Animal skin       |    64 |    47 ||   111
Dodge: Dodged            |   151 |   102 ||   253

Levels and vault maps discovered:
D:1:      lightli_arrival_statuegarden, layout_basic,
          ebering_ecumenical_altar_webs, minmay_misc_feat_chi, dk_noncrumbling_2
D:2:      layout_loops_corners
D:3:      kennysheep_the_goblin_king, layout_loops_corners, gup_sewer_entry_pipe
D:4:      layout_basic, serial_corexii_hall, chequers_hall_statues_wall_a,
          chequers_hall_statues_y, minmay_unequal

Notes
Turn   | Place    | Note
-------+----------+-------------------------------------------
     0 | D:1      | ytrimaz the Demonspawn Berserker began the quest for the
                  | Orb.
     0 | D:1      | Reached XP level 1. HP: 18/18 MP: 1/1
     0 | D:1      | magus.rc [v1.9.6]
   353 | D:1      | Found a faded altar of an unknown god.
   582 | D:1      | HP: 4/18 [frozen (5)]
   585 | D:1      | Reached skill level 3 in Short Blades
   585 | D:1      | Gained mutation: You regenerate magic rapidly. [demonic
                  | ancestry]
   585 | D:1      | Reached XP level 2. HP: 6/24 MP: 2/2
  1377 | D:2      | HP: 9/36 [poisoned by an adder]
  1910 | D:2      | Reached XP level 3. HP: 22/29 MP: 3/3
  2808 | D:3      | Reached ** piety under Trog
  3159 | D:3      | Found a glowing drain.
  3215 | Sewer    | Entered a sewer
  3220 | Sewer    | Reached skill level 4 in Fighting
  3241 | Sewer    | Reached XP level 4. HP: 22/37 MP: 4/4
  3294 | Sewer    | Noticed a kobold brigand
  3312 | Sewer    | Killed a kobold brigand
  3313 | Sewer    | Reached skill level 4 in Short Blades
  3313 | Sewer    | Gained mutation: You have a small tail. [demonic ancestry]
  3313 | Sewer    | Reached XP level 5. HP: 33/43 MP: 5/5
  3931 | D:3      | Noticed Ijyb
  3958 | D:3      | Paralysed by Ijyb for 3 turns
  3971 | D:3      | Paralysed by Ijyb for 4 turns
  4010 | D:3      | Killed Ijyb
  4627 | D:4      | Reached skill level 5 in Fighting
  5013 | D:4      | Noticed a centaur
  5022 | D:4      | HP: 16/66 [centaur (1)]
  5025 | D:4      | HP: 6/66 [centaur (3)]
  5029 | D:4      | Reached skill level 2 in Dodging
  5029 | D:4      | Reached XP level 6. HP: 3/51 MP: 6/6
  5029 | D:4      | HP: 2/76 [centaur (1)]
  5033 | D:4      | Succumbed to an adder's poison

Vanquished Creatures
  A kobold brigand (Sewer)
  A jelly (D:4)
  Ijyb (D:3)
  2 iguanas (D:4)
  A river rat (Sewer)
  3 adders
  An ufetubus (D:4)
  2 dart slugs
  4 ball pythons
  4 endoplasms
  3 giant cockroaches
  10 goblins
  4 hobgoblins
  6 jackals
  9 quokkas
  7 bats
  2 frilled lizards (D:1)
  6 kobolds
  5 rats
72 creatures vanquished.

Table legend:
 A = Non-vault XP
 B = Vault XP
 C = Vault XP percentage of total XP
 D = Non-vault monster count
 E = Vault monster count
 F = Vault count percentage of total count
                 A         B        C        D         E       F
            +---------+---------+-------+---------+---------+-------
      Total |     199 |     215 |  51.9 |      48 |      24 |  33.3
            +---------+---------+-------+---------+---------+-------
        D:1 |      21 |       0 |   0.0 |      13 |       0 |   0.0
        D:2 |      37 |       0 |   0.0 |      14 |       0 |   0.0
        D:3 |      36 |      61 |  62.9 |      13 |      14 |  51.9
        D:4 |     105 |      36 |  25.5 |       8 |       1 |  11.1
      Sewer |       0 |     118 | 100.0 |       0 |       9 | 100.0
            +---------+---------+-------+---------+---------+-------

Illustrated notes

Table legend:
 A = Kills in this place as a percentage of kills in entire the game.
 B = Kills by you in this place as a percentage of kills by you in the entire game.
 C = Kills by friends in this place as a percentage of kills by friends in the entire game.
 D = Other kills in this place as a percentage of other kills in the entire game.
 E = Experience gained in this place as a percentage of experience gained in the entire game.
 F = Experience gained in this place divided by the number of levels of this place that you have seen.
                   A       B       C       D       E      F
               +-------+-------+-------+-------+-------+----------------------
         Total | 100.0 | 100.0 |   N/A |   N/A | 100.0 |  82.8
       Dungeon |  87.5 |  87.5 |   N/A |   N/A |  71.5 |  74.0
         Sewer |  12.5 |  12.5 |   N/A |   N/A |  28.5 | 118.0
               +-------+-------+-------+-------+-------+----------------------

Table legend: (Time is in decaauts)
 A = Elapsed time spent in this place.
 B = Non-inter-level travel time spent in this place.
 C = Inter-level travel time spent in this place.
 D = Time resting spent in this place.
 E = Time spent auto-exploring this place.
 F = Levels seen in this place.
 G = Mean time per level.
                   A        B        C        D        E       F      G
               +--------+--------+--------+--------+--------+-----+--------+
         Total |   5081 |   5003 |     78 |    532 |   3672 |   5 | 1016.2 |
       Dungeon |   4701 |   4623 |     78 |    471 |   3520 |   4 | 1175.2 |
         Sewer |    380 |    380 |      0 |     61 |    151 |   1 |  380.0 |
               +--------+--------+--------+--------+--------+-----+--------+

Top non-repeatable levels by time:
     D:3: 1744 daAuts
     D:2: 1376 daAuts
     D:1: 1273 daAuts
   Sewer: 380 daAuts
     D:4: 306 daAuts
